cohdb
Replays
Latest Replays
All Replays
Popular Replays
Top Player Replays
Match Explorer
How It Works
Community
CoH3 Stats
Reddit
Sign in to upload your games and track your stats! →
Sign in with Steam
Match 43758353
Unlisted
Match 43758353
Overview
Messages
Build Orders
End
Kettenkrad Recon Vehicle
Construct Infanterie Kompanie
MG 42 Machine Gun Team
Selects Terror Battlegroup
Selects Machine Gun Camouflage
Grenadier Squad
Sniper
Grenadier Squad
Construct Luftwaffe Kompanie
GrW 34 Mortar Team
BrainlesS
12azzmatazz
STALKER4732
kit.ohume
0
0
Comments
sign in to comment!
No comments posted yet!